 Dungeon Crawl Stone Soup version 0.21-a0-471-gd587bd5 (webtiles) character file.

10004 Gwenloh the Cleaver (level 11, -1/87 HPs)
             Began as a Vine Stalker Berserker on Nov 21, 2017.
             Was a High Priest of Trog.
             Succumbed to a hornet's poison
             ... on level 10 of the Dungeon on Nov 22, 2017.
             The game lasted 01:02:12 (9435 turns).

Gwenloh the Cleaver (Vine Stalker Berserker)        Turns: 9435, Time: 01:02:13

Health: -1/87      AC: 16    Str: 29    XL:     11   Next: 55%
Magic:  3/15       EV: 10    Int:  7    God:    Trog [*****.]
Gold:   683        SH:  0    Dex: 13    Spells: 10/10 levels left

rFire    . . .     SeeInvis +   a - +0 battleaxe
rCold    . . .     Gourm    .   (shield currently unavailable)
rNeg     . . .     Faith    .   O - +0 plate armour
rPois    .         Spirit   +   x - +0 helmet
rElec    .         Reflect  .   (no cloak)
rCorr    .         Harm     .   g - +1 pair of gloves
MR       +++..                  (no boots)
Stlth    ..........             (no amulet)
HPRegen  1.64/turn              I - ring of see invisible
MPRegen  0.14/turn              (no ring)

@: berserking, lethally poisoned (-1 -> -12), regenerating, slowed
A: fangs 3, regeneration 1, magic shield, antimagic bite, no potion heal 3, rot
immunity
a: Berserk, Trog's Hand, Brothers in Arms, Burn Spellbooks, Renounce Religion


You were on level 10 of the Dungeon.
You worshipped Trog.
Trog was extremely pleased with you.
You were near starving.

You visited 1 branch of the dungeon, and saw 10 of its levels.
You also visited: Sewer.

You collected 683 gold pieces.

Inventory:

Hand Weapons
 a - a +0 battleaxe (weapon)
 A - a +3 morningstar
 N - a +0 morningstar
 P - a cursed -1 glaive
 Q - a +1 halberd
 S - a +2 hand axe
 U - a +1 hand axe of pain
 V - a +0 war axe
 W - a +3 antimagic dire flail
Missiles
 j - 9 javelins (quivered)
 m - 111 bolts
Armour
 g - a +1 pair of gloves (worn)
 x - a +0 helmet (worn)
 y - a +0 scale mail
 O - a +0 plate armour (worn)
Jewellery
 I - a ring of see invisible (left hand)
Wands
 t - a wand of disintegration (11)
 E - a wand of polymorph (13)
 G - a wand of flame (22)
 K - a wand of acid (2)
 L - a wand of enslavement (9)
Scrolls
 b - a scroll of amnesia
 e - 9 scrolls of identify
 i - 4 scrolls of blinking
 n - 8 scrolls of teleportation
 o - a scroll of torment {unknown}
 z - 4 scrolls of remove curse
 B - a scroll of fear {unknown}
 C - a scroll of magic mapping {unknown}
 M - a scroll of vulnerability {unknown}
Potions
 d - 3 potions of agility
 f - 3 potions of resistance
 l - 2 potions of degeneration {unknown}
 p - 5 potions of ambrosia {unknown}
 q - 3 potions of berserk rage
 r - 7 potions of curing
 u - 5 potions of brilliance {unknown}
 v - 3 potions of mutation {unknown}
 w - a potion of might {unknown}
 F - 2 potions of flight {unknown}
 J - a potion of lignification {unknown}
 T - a potion of haste
Books
 D - a book of Changes

   Spells                             Type                      Level
   a - Beastly Appendage              Transmutation                1
   b - Sticks to Snakes               Transmutation                2
   c - Spider Form                    Transmutation/Poison         3
   d - Ice Form                       Ice/Transmutation            4
   e - Blade Hands                    Transmutation                5
   Trog disapproves of the use of such an item.
 H - a book of Flames

   Spells                             Type                      Level
   a - Flame Tongue                   Conjuration/Fire             1
   b - Throw Flame                    Conjuration/Fire             2
   c - Conjure Flame                  Conjuration/Fire             3
   d - Inner Flame                    Hexes/Fire                   3
   e - Sticky Flame                   Conjuration/Fire             4
   f - Fireball                       Conjuration/Fire             5
   Trog disapproves of the use of such an item.
 X - a book of Changes

   Spells                             Type                      Level
   a - Beastly Appendage              Transmutation                1
   b - Sticks to Snakes               Transmutation                2
   c - Spider Form                    Transmutation/Poison         3
   d - Ice Form                       Ice/Transmutation            4
   e - Blade Hands                    Transmutation                5
   Trog disapproves of the use of such an item.
Comestibles
 c - 4 bread rations
 h - 3 royal jellies
 k - 7 meat rations
 s - 11 fruits
 R - 7 chunks of flesh


   Skills:
 + Level 7.1 Fighting
 + Level 10.9 Axes
 + Level 6.1 Armour
 + Level 6.1 Dodging
 + Level 5.0 Evocations


You had 10 spell levels left.
You didn't know any spells.

Dungeon Overview and Level Annotations

Branches:
Dungeon (10/15)            Temple (0/1) D:6            Lair (0/6) D:10
    Orc (0/2) D:9

Altars:
Ashenzari
Fedhas
Hepliaklqana
Kikubaaqudgha
Makhleb
Nemelex Xobeh
Okawaru
Sif Muna
Trog
Xom
Yredelemnul
Zin
The Shining One

Shops:
D:4 [!*:   D:7 %   D:10 *


Innate Abilities, Weirdness & Mutations

You have razor-sharp teeth.
Your natural rate of healing is unusually fast.
When hurt, damage is shared between your health and your magic reserves.
Your bite disrupts and absorbs the magic of your enemies.
Potions cannot restore your health.
You are immune to rotting.


Message History

You slice the hornet!!
You kill the hornet!
Trog accepts your kill.
You feel sick. The hornet stings you.
* * * LOW HITPOINT WARNING * * *
You are lethally poisoned!
You feel as though you will be slow longer.
You hit the hornet but do no damage. Your bite misses the hornet.
The hornet is heavily wounded.
* * * LOW HITPOINT WARNING * * *
You feel very sick. The hornet barely misses you. The hornet stings you.
* * * LOW HITPOINT WARNING * * *
You are more poisoned.
You feel as though you will be slow longer.
A soldier ant comes into view.
You barely miss the hornet.
The hornet is heavily wounded.
You slash the soldier ant!
You die...

........# ##...........####.#
........## #.........####...#
.........###.#....[..# #.###
.....##...#......)[.## ##.#
....###.#.........>..###..#
..### #.#......<......#..##
...####...#...........#.##
..............##.###....##
...######.#...##@#.#..#..#
##.#####......#a#y###....##
##..##....#...##.#a###....###
.......#..#...#.# #####.....#
#.............## #.....##.###
#.............##
##...#......#
.........#.....#
#....########
...........##..# #....#
.....(..#..##..####....#


You could see 2 soldier ants and a hornet.

Vanquished Creatures
  2 two-headed ogres (D:9)
  The ghost of Salmacis the Blocker, a novice FoFi of Gozag (D:8)
  An unseen horror (D:9)
  Psyche (D:8)
  2 trolls (D:10)
  A hornet (D:10)
  Prince Ribbit (D:7)
  A hippogriff (D:9)
  A wyvern (D:9)
  Grum (D:8)
  Menkaure (D:7)
  2 wargs (D:9)
  Duvessa (D:6)
  4 orc warriors
  3 ice beasts
  8 sky beasts
  A necrophage (D:8)
  6 ogres
  2 phantoms
  2 wolves (D:8)
  A centaur (D:10)
  2 big kobolds
  A gnoll sergeant (D:8)
  6 bullfrogs
  Dowan (D:6)
  A wyvern skeleton (D:10)
  4 killer bees (D:10)
  12 wights
  A howler monkey (D:9)
  6 crimson imps
  A centaur zombie (D:9)
  2 jellies
  5 human zombies (D:8)
  11 orc wizards
  A centaur skeleton (D:10)
  2 hounds (D:7)
  A bullfrog zombie (D:10)
  3 orc priests (D:10)
  2 bullfrog skeletons (D:10)
  An iguana (D:4)
  Ijyb (D:3)
  A human skeleton (D:8)
  7 worker ants
  Natasha (thrice) (D:3)
  An ogre zombie (D:8)
  3 hound skeletons
  2 mummies (D:8)
  Robin (D:2)
  12 adders
  6 gnolls
  A howler monkey skeleton (D:9)
  4 river rats (Sewer)
  A shadow imp (D:9)
  2 oozes
  2 adder zombies
  2 adder skeletons
  3 worms
  5 dart slugs
  5 leopard geckos
  40 orcs
  9 ball pythons
  4 giant cockroaches
  16 goblins
  10 hobgoblins
  14 jackals
  23 kobolds
  12 bats
  6 frilled lizards
  A giant cockroach zombie (D:5)
  An orc zombie (D:8)
  A quokka zombie (D:9)
  25 rats
330 creatures vanquished.

Vanquished Creatures (others)
  A hound skeleton (D:9)
1 creature vanquished.

Grand Total: 331 creatures vanquished

Notes
Turn   | Place    | Note
-------+----------+-------------------------------------------
     0 | D:1      | Gwenloh the Vine Stalker Berserker began the quest for the Orb.
     0 | D:1      | Reached XP level 1. HP: 11/11 MP: 2/2
   102 | D:1      | Reached XP level 2. HP: 1/16 MP: 1/3
   568 | D:1      | Reached skill level 3 in Axes
   795 | D:1      | Reached XP level 3. HP: 20/20 MP: 4/4
  1036 | D:2      | Reached ** piety under Trog
  1502 | D:2      | Gained mutation: Your natural rate of healing is unusually fast. [Vine Stalker growth]
  1502 | D:2      | Reached XP level 4. HP: 15/24 MP: 2/5
  1661 | D:2      | Found a sparkling altar of Nemelex Xobeh.
  1902 | D:2      | Noticed Robin
  1928 | D:2      | Killed Robin
  1928 | D:2      | Reached XP level 5. HP: 19/28 MP: 6/6
  2144 | D:3      | Noticed Natasha
  2152 | D:3      | Killed Natasha
  2152 | D:3      | Reached *** piety under Trog
  2220 | D:3      | Noticed Ijyb
  2236 | D:3      | Killed Ijyb
  2285 | D:3      | Noticed Natasha
  2304 | D:3      | Killed Natasha
  2322 | D:3      | Reached XP level 6. HP: 33/33 MP: 7/7
  2556 | D:3      | Found a burning altar of Makhleb.
  2556 | D:3      | Noticed a blizzard demon
  2630 | D:3      | Noticed Natasha
  2638 | D:3      | Killed Natasha
  2797 | D:4      | Found Kaureczaqa's Antique Armour Shoppe.
  2853 | D:4      | Found Wogan's Assorted Antiques.
  2877 | D:4      | Reached skill level 4 in Axes
  2886 | D:4      | Found Rep Nuph's Distillery.
  2974 | D:4      | Reached XP level 7. HP: 32/37 MP: 8/8
  3009 | D:4      | Found Utal's Book Boutique.
  3289 | D:5      | Entered Level 5 of the Dungeon
  3408 | D:5      | Found a glowing drain.
  3424 | Sewer    | Entered a sewer
  3608 | Sewer    | Reached **** piety under Trog
  3987 | D:5      | Found an iron altar of Okawaru.
  3988 | D:5      | Found a bloodstained altar of Trog.
  4551 | D:5      | You fall through a shaft for 2 floors!
  4611 | D:7      | Gained mutation: You have razor-sharp teeth. [Vine Stalker growth]
  4611 | D:7      | Reached XP level 8. HP: 39/42 MP: 7/9
  4692 | D:7      | Reached skill level 1 in Evocations
  4752 | D:6      | Found a shattered altar of Ashenzari.
  4785 | D:6      | Reached skill level 5 in Fighting
  5107 | D:6      | Reached skill level 5 in Axes
  5110 | D:6      | Found a staircase to the Ecumenical Temple.
  5299 | D:6      | Noticed Duvessa
  5299 | D:6      | Noticed Dowan
  5307 | D:6      | Killed Duvessa
  5324 | D:6      | Killed Dowan
  5611 | D:6      | Found a glowing silver altar of Zin.
  6014 | D:7      | Reached XP level 9. HP: 35/47 MP: 10/12
  6114 | D:7      | Noticed Menkaure
  6124 | D:7      | Killed Menkaure
  6381 | D:7      | Found a blossoming altar of Fedhas.
  6446 | D:7      | Noticed Prince Ribbit
  6463 | D:7      | Killed Prince Ribbit
  6463 | D:7      | Reached skill level 5 in Armour
  6463 | D:7      | Reached skill level 5 in Dodging
  6505 | D:7      | Found Bucekana's Food Boutique.
  6944 | D:8      | Reached skill level 6 in Axes
  7073 | D:8      | Noticed Psyche
  7152 | D:8      | HP: 1/72 [something (5)]
  7154 | D:8      | Killed Psyche
  7361 | D:8      | Noticed Salmacis's ghost (novice FoFi)
  7386 | D:8      | Killed Salmacis's ghost
  7386 | D:8      | Reached XP level 10. HP: 28/53 MP: 10/14
  7463 | D:8      | Reached skill level 7 in Axes
  7491 | D:8      | Noticed Grum
  7530 | D:8      | Killed Grum
  7778 | D:8      | Reached ***** piety under Trog
  7822 | D:8      | Found an ancient bone altar of Kikubaaqudgha.
  7864 | D:8      | Found a deep blue altar of Sif Muna.
  7889 | D:9      | Noticed a two-headed ogre
  7901 | D:9      | Killed a two-headed ogre
  7901 | D:9      | Reached skill level 8 in Axes
  7997 | D:9      | Reached skill level 9 in Axes
  8039 | D:9      | Noticed a two-headed ogre
  8052 | D:9      | Killed a two-headed ogre
  8096 | D:9      | Found a glowing golden altar of the Shining One.
  8105 | D:9      | Found a basalt altar of Yredelemnul.
  8181 | D:9      | Reached XP level 11. HP: 57/58 MP: 15/15
  8225 | D:9      | Reached skill level 10 in Axes
  8263 | D:9      | Found a shimmering altar of Xom.
  8264 | D:9      | Found a hazy altar of Hepliaklqana.
  8264 | D:9      | Noticed a thorn hunter
  8265 | D:9      | Noticed a thorn hunter
  8296 | D:9      | Found a sparkling altar of Nemelex Xobeh.
  8566 | D:9      | Found a staircase to the Orcish Mines.
  8720 | D:9      | Noticed an angel
  8747 | D:10     | Entered Level 10 of the Dungeon
  8761 | D:10     | Noticed an unseen horror
  8803 | D:9      | Killed an unseen horror
  8855 | D:10     | Found Apuc's Assorted Antiques.
  8927 | D:10     | Found an iron altar of Okawaru.
  9020 | D:10     | Received a gift from Trog
  9226 | D:10     | Reached skill level 5 in Evocations
  9327 | D:10     | Found a staircase to the Lair.
  9424 | D:10     | Paralysed by a hornet for 3 turns
  9428 | D:10     | Paralysed by a hornet for 2 turns
  9433 | D:10     | HP: 4/87 [hornet (1)]
  9434 | D:10     | HP: 1/87 [hornet (2)]
  9435 | D:10     | Succumbed to a hornet's poison

Vault maps used:
D:1:      lightli_arrival_boilingwater, hex_tiny
D:2:      nemelex_diamond_rough_becter, uniq_robin
D:3:      makhleb_altar_promises_db, first_bread, uniq_ijyb, uniq_natasha
D:4:      serial_bayou, serial_bayou_ford_a, serial_bayou_shore_b,
          serial_bayou_pond_e, serial_bayou_pond_d, serial_shops,
          nicolae_shop_crystal, nicolae_shop_competitors_out_of_business, shop,
          shop_fountains, lightli_corner_chamber
D:5:      grunt_temple_overflow_bloody_war, portal_sewer_entry_d
D:6:      ashenzari_altar_1, lemuel_doored_altar, temple_doors_e, uniq_duvessa
D:7:      serial_shops, kennysheep_mini_moat, fedhas_altar_4, uniq_menkaure,
          uniq_prince_ribbit1
D:8:      lemuel_blue_sif_altar, lemuel_mausoleum_altar_kikubaaqudgha,
          uniq_grum, uniq_psyche
D:9:      regret_index_temple_of_mockery, grunt_temple_overflow_holy_war,
          marbit_many_paths, hiddenorc1_lemuel
D:10:     erik_lair_orcish_takeover, serial_shops, nicolae_shop_behind_doors,
          hangedman_pestilent_swarm, okawaru_ov_weapons_minmay
Sewer:    sewer_minmay_treatment

Skill      XL: |  1  2  3  4  5  6  7  8  9 10 11 |
---------------+----------------------------------+-----
Axes           | 3 4 5 6 9 10 | 10.9
Fighting       | 3 4 5 6 7 |  7.1
Dodging        | 2 3 4 5 6 |  6.1
Armour         | 2 3 4 5 6 |  6.1
Evocations     | 2 4 5 |  5.0

Action                   |  1- 3 |  4- 6 |  7- 9 | 10-12 || total
-------------------------+-------+-------+-------+-------++-------
Melee: Hand axe          |   111 |   193 |   428 |   257 ||   989
       Bite              |    24 |    54 |   158 |   160 ||   396
       Battleaxe         |       |       |       |   128 ||   128
       War axe           |       |       |       |    29 ||    29
       Dire flail        |       |       |       |     3 ||     3
Throw: Javelin           |     2 |     8 |     2 |     6 ||    18
Invok: Berserk           |     3 |     2 |     4 |     5 ||    14
       Trog's Hand       |       |     1 |     4 |     5 ||    10
Evoke: Wand              |       |       |     3 |       ||     3
  Use: Scroll            |       |     5 |     5 |     1 ||    11
       Potion            |       |       |     1 |       ||     1
  Eat: Chunk             |     4 |     8 |    20 |     8 ||    40
       Fruit             |       |       |       |     5 ||     5
Armor: Animal skin       |    27 |       |       |       ||    27
       Leather armour    |    23 |    33 |       |       ||    56
       Scale mail        |       |    55 |   211 |    60 ||   326
       Skin              |       |       |     5 |       ||     5
       Plate armour      |       |       |       |   160 ||   160
Dodge: Dodged            |    90 |   114 |   265 |   222 ||   691

Table legend:
 A = Spawn XP
 B = Non-spawn XP
 C = Spawn XP percentage of total XP
 D = Spawn monster count
 E = Non-spawn monster count
 F = Spawn count percentage of total count
 G = Total turns spent on level
                    A         B        C        D         E        F      G
               +---------+---------+-------+---------+---------+-------+---------
         Total |       0 |   14292 |   0.0 |       0 |     330 |   0.0 |  9435
               +---------+---------+-------+---------+---------+-------+---------
           D:1 |       0 |      37 |   0.0 |       0 |      21 |   0.0 |   993
           D:2 |       0 |     148 |   0.0 |       0 |      41 |   0.0 |  1058
           D:3 |       0 |     230 |   0.0 |       0 |      27 |   0.0 |   730
           D:4 |       0 |     256 |   0.0 |       0 |      15 |   0.0 |   508
           D:5 |       0 |     182 |   0.0 |       0 |      16 |   0.0 |   943
           D:6 |       0 |     907 |   0.0 |       0 |      16 |   0.0 |  1064
           D:7 |       0 |    1514 |   0.0 |       0 |      25 |   0.0 |  1126
           D:8 |       0 |    3281 |   0.0 |       0 |      36 |   0.0 |  1010
           D:9 |       0 |    5310 |   0.0 |       0 |      56 |   0.0 |   922
          D:10 |       0 |    2205 |   0.0 |       0 |      29 |   0.0 |   570
         Sewer |       0 |     222 |   0.0 |       0 |      48 |   0.0 |   511
               +---------+---------+-------+---------+---------+-------+---------
